[Event "*** Titled Tuesday 3|2 Blitz"]
[Site "Chess.com"]
[Date "2015.09.01"]
[Round "4"]
[White "alexsuper1987"]
[Black "bugsbunny444"]
[Result "0-1"]
[WhiteElo "2133"]
[BlackElo "2298"]
[TimeControl "180+2"]
[EndTime "11:48:55 PDT"]
[Termination "bugsbunny444 won by resignation"]

1. e4 e6 2. d4 d5 3. Nc3 Nf6 4. Bg5 Bb4 5. e5 h6 6. Be3 Ne4 7. Qg4 g6 8. Bd3 Nxc3 9. Bd2 c5 10. bxc3 Ba5 11. Nf3 c4 12. Be2 Bd7 13. h4 Qe7 14. h5 g5 15. O-O Ba4 16. Rac1 Nc6 17. Nxg5 hxg5 18. Bxg5 Qf8 19. Bf6 Bxc3 20. Bxh8 Qxh8 21. Rfd1 O-O-O 22. Qf3 Bxd4 23. Qxf7 Qxe5 24. Bg4 Kb8 25. Qxe6 Qxe6 26. Bxe6 Bb2 27. Rb1 Bxc2 28. Rxb2 Bxd1 29.
Rd2 Bxh5 30. g4 Bg6 31. f4 c3 32. Rd1 Be4 33. f5 c2 34. Rc1 Nb4 35. f6 d4 36. Kf2 d3 37. f7 d2 38. Rxc2 Bxc2 0-1

[Event "*** Titled Tuesday 3|2 Blitz"]
[Site "Chess.com"]
[Date "2015.09.01"]
[Round "4"]
[White "Ar4uha"]
[Black "Zlatan56"]
[Result "0-1"]
[WhiteElo "2396"]
[BlackElo "2563"]
[TimeControl "180+2"]
[EndTime "11:49:02 PDT"]
[Termination "Zlatan56 won by resignation"]

1. e4 g6 2. d4 d6 3. Nc3 Bg7 4. f4 a6 5. Nf3 b5 6. a3 Bb7 7. Bd3 Nd7 8. O-O c5 9. e5 cxd4 10. Nxd4 dxe5 11. Nf3 exf4 12. Bxf4 Ngf6 13. Qe2 O-O 14.
Rad1 Qb6+ 15. Kh1 Rae8 16. Ne5 Nxe5 17. Bxe5 Qe6 18. Rfe1 Rd8 19. Qf1 Qc6 20. Ne4 Nd5 21. Bxg7 Kxg7 22. Qf2 Ba8 23. Qh4 Nf6 24. Qf2 Rfe8 25. Nxf6 exf6 26. Kg1 f5 27. Rxe8 Rxe8 28. Bf1 Qf6 29. Qd4 Be4 30. c3 Re6 31. Kf2 h5 32. Be2 Bxg2 33. Qxf6+ Kxf6 34. Bxh5 Be4 35. Be2 f4 36.
Rd4 Ke5 37. a4 f5 38. axb5 axb5 39. Bxb5 g5 40. Bf1 g4 41. Rd8 Rh6 42. Kg1 g3 43. hxg3 Rh1+ 44. Kf2 Rh2+ 45. Ke1 fxg3 46. Rg8 Kf4 47. c4 Rxb2 48. Be2 g2 49. Kf2 Bd3 0-1

[Event "*** Titled Tuesday 3|2 Blitz"]
[Site "Chess.com"]
[Date "2015.09.01"]
[Round "4"]
[White "Tirantes"]
[Black "ItalianMachine"]
[Result "1-0"]
[WhiteElo "2232"]
[BlackElo "2205"]
[TimeControl "180+2"]
[EndTime "11:49:04 PDT"]
[Termination "Tirantes won on time"]

1. c4 Nf6 2. Nf3 g6 3. g3 Bg7 4. Bg2 d6 5. d4 O-O 6. O-O Nbd7 7. Nc3 e5 8. e4 Re8 9. Be3 c6 10. d5 Qc7 11. Rc1 c5 12. Ne1 a6 13. a4 b6 14. Nd3 Rb8 15. Bh3 Nf8 16. Bxc8 Qxc8 17. Kg2 Ng4 18. Bd2 f5 19. f3 Nh6 20. Be3 Nd7 21. Qd2 Nf7 22. exf5 gxf5 23. f4 e4 24. Nf2 Nf6 25. b3 Nh6 26. h3 Qd7 27. Rg1 Kh8 28. Kh1 Rg8 29. Qe2 Bf8 30. Ncd1 Be7 31.
Bd2 Rg7 32. Bc3 b5 33. g4 fxg4 34. hxg4 Nhxg4 35. Nxg4 Rbg8 36. Nde3 Rg6 37. Qh2 Rxg4 38. Nxg4 Rxg4 39. Qh6 Kg8 40. Bxf6 Bxf6 41. Qxf6 1-0

[Event "*** Titled Tuesday 3|2 Blitz"]
[Site "Chess.com"]
[Date "2015.09.01"]
[Round "4"]
[White "Grootneus"]
[Black "arnacman"]
[Result "1-0"]
[WhiteElo "2019"]
[BlackElo "2235"]
[TimeControl "180+2"]
[EndTime "11:49:11 PDT"]
[Termination "Grootneus won by checkmate"]

1. e4 c5 2. c3 Nf6 3. e5 Nd5 4. Nf3 Nc6 5. Bc4 Nb6 6. Bb3 c4 7. Bc2 g6 8. O-O Bg7 9. Qe2 O-O 10. b3 cxb3 11. axb3 d6 12. exd6 Qxd6 13. h3 Re8 14.
d4 e5 15. Rd1 Qb8 16. d5 Ne7 17. c4 e4 18. Nd4 Nf5 19. Bb2 Nd7 20. Ra2 Nf6 21.
Nxf5 Bxf5 22. c5 Qf4 23. d6 a6 24. Nd2 e3 25. Nf3 exf2+ 26. Qxf2 Rac8 27. Bxf5 Qxf5 28. b4 a5 29. Nd4 Qxf2+ 30. Kxf2 axb4 31. Rc1 Nd7 32. Ra5 b6 33. c6 bxa5 34. cxd7 Rcd8 35.
dxe8=Q+ Rxe8 36. d7 Rd8 37. Rc8 Bf6 38. Nc6 Bh4+ 39.
g3 f5 40. gxh4 Kf7 41. Rxd8 a4 42. Re8 g5 43. d8=Q a3 44. Qe7+ Kg6 45. Rg8+ Kh5 46. Qxh7# 1-0

[Event "*** Titled Tuesday 3|2 Blitz"]
[Site "Chess.com"]
[Date "2015.09.01"]
[Round "4"]
[White "amazingoid"]
[Black "Maitreia"]
[Result "1-0"]
[WhiteElo "2344"]
[BlackElo "2469"]
[TimeControl "180+2"]
[EndTime "11:49:12 PDT"]
[Termination "amazingoid won by resignation"]

1. e4 c5 2. Nc3 g6 3. d4 cxd4 4. Qxd4 Nf6 5. Bb5 a6 6. e5 axb5 7. exf6 Nc6 8. Qe3 e6 9. Nf3 d5 10. Nxb5 Qa5+ 11. Nc3 Bc5 12. Qd2 Bb4 13. O-O Bd7 14. a3 Bxc3 15. bxc3 O-O-O 16. Re1 Rhe8 17. Ne5 Nxe5 18. Rxe5 Bb5 19. Qd4 Qa4 20. Be3 Rd6 21. Rb1 Qxd4 22. Bxd4 Ba4 23. Re2 Rc6 24. Rb4 b5 25. f4 Kd7 26. Kf2 Rec8 27. g4 h6 28.
Kg3 Rxc3+ 29. Bxc3 Rxc3+ 30. Kf2 Rxa3 31. Re3 Ra2 32.
Rc3 Bxc2 33. Kg3 Ba4 34. Rb1 Rd2 35. Rbc1 d4 36. Rc7+ Kd6 37. Rxf7 d3 38. Rf8 Rc2 39. Rd8+ Kc7 40. Rxd3 Rxc1 41. f7 Rg1+ 42. Kf2 Rd1 43. Rxd1 Bxd1 44. f8=Q Bxg4 45. Qxh6 Bf5 46. Ke3 Kc6 47.
Kd4 b4 48. Qf8 Kb5 49. Qc5+ Ka4 50. Kc4 1-0

[Event "*** Titled Tuesday 3|2 Blitz"]
[Site "Chess.com"]
[Date "2015.09.01"]
[Round "4"]
[White "Keranke"]
[Black "joppie2"]
[Result "0-1"]
[WhiteElo "2509"]
[BlackElo "2357"]
[TimeControl "180+2"]
[EndTime "11:49:16 PDT"]
[Termination "joppie2 won by resignation"]

1. d4 d5 2. c4 c6 3. Nf3 Nf6 4. Qb3 dxc4 5. Qxc4 Bg4 6. Nc3 Nbd7 7. e4 Bxf3 8. gxf3 e5 9. Be3 Bd6 10. O-O-O exd4 11. Bxd4 Qe7 12. Ne2 O-O-O 13. Bxa7 Bc5 14. Bxc5 Qxc5 15. Qxc5 Nxc5 16. Bh3+ Kc7 17. Kc2 Nh5 18. Rhg1 g6 19. b4 Na4 20. Kb3 Nb6 21. a4 Nd7 22.
Bxd7 Rxd7 23. Rxd7+ Kxd7 24. Rd1+ Kc7 25. Kc4 Re8 26. Nc3 Re6 27. b5 Rf6 28. Rd3 Nf4 29. Rd2 Ne6 30. a5 Rxf3 31. b6+ Kc8 32. Rd6 Rxf2 33. a6 bxa6 34. Rxc6+ Kb7 35. Rd6 Rc2 36.
Kb3 Rc1 37. Nd5 Nc5+ 38. Kb4 Rc2 39. Rf6 Nd3+ 40. Kb3 Rf2 41. Rd6 Nc5+ 42. Kc4 Rc2+ 43. Kd4 a5 44. Rf6 Ne6+ 45. Ke5 Nd8 46. Rd6 Nc6+ 47. Kf6 Rf2+ 48. Kg7 Ne5 49. Rf6 Rxf6 50. Kxf6 Nd7+ 51. Kxf7 a4 52. Ke7 a3 53. Nb4 Nxb6 54. Kf7 g5 55. e5 Nd5 56. Nc2 a2 57. Kg7 Kc6 58. Kxh7 Kc5 59. Kg6 Kc4 60. Kxg5 Kc3 61. Na1 Kb2 62. h4 Kxa1 63. h5 Kb1 64. h6 a1=Q 65.
h7 Qxe5+ 0-1

[Event "*** Titled Tuesday 3|2 Blitz"]
[Site "Chess.com"]
[Date "2015.09.01"]
[Round "4"]
[White "Danirod"]
[Black "MITerryble"]
[Result "0-1"]
[WhiteElo "2353"]
[BlackElo "2574"]
[TimeControl "180+2"]
[EndTime "11:49:17 PDT"]
[Termination "MITerryble won by checkmate"]

1. e4 e6 2. d4 d5 3. Nd2 Be7 4. c3 c5 5. exd5 exd5 6. dxc5 Bxc5 7. Ngf3 Nf6 8. Bb5+ Nc6 9. Qe2+ Be6 10. Nb3 Bb6 11.
Nbd4 Qc8 12. Bxc6+ bxc6 13. Nf5 Kf8 14. N5d4 c5 15.
Nxe6+ Qxe6 16. Be3 Ng4 17. O-O-O Nxe3 18. Qxe3 Qxe3+ 19. fxe3 Rd8 20. c4 dxc4 21. Rxd8+ Bxd8 22. Ne5 Ke7 23. Rd1 Ke6 24. Nxc4 Bc7 25. h3 f5 26.
Kc2 g5 27. a3 h5 28. Rh1 Kd5 29. Kd3 Rd8 30. Rf1 Ke6+ 31. Ke2 g4 32. Rd1 Rb8 33.
Rh1 Be5 34. hxg4 hxg4 35. Kd3 Bxb2 36. Rh6+ Bf6 37. Rh7 Rb3+ 38. Ke2 Rc3 39. Na5 Rxa3 40. Nc6 a5 41. Ra7 a4 42. Nb8 Bg5 43. Na6 Bxe3 44. Nc7+ Ke5 45. Nb5 Rb3 46. Rxa4 Rxb5 47. Kxe3 f4+ 48.
Kf2 Rb2+ 49. Kf1 Rc2 50. Ra8 g3 51. Re8+ Kd4 52. Rf8 Rf2+ 53. Kg1 c4 54. Rd8+ Kc3 55. Rc8 Kb3 56. Rb8+ Kc2 57. Rc8 c3 58. Rd8 Rd2 59. Rf8 Rd1# 0-1

[Event "*** Titled Tuesday 3|2 Blitz"]
[Site "Chess.com"]
[Date "2015.09.01"]
[Round "4"]
[White "rikyshi"]
[Black "SidArun"]
[Result "0-1"]
[WhiteElo "2103"]
[BlackElo "1915"]
[TimeControl "180+2"]
[EndTime "11:49:52 PDT"]
[Termination "SidArun won by resignation"]

1. e4 c6 2. d4 d5 3. Nc3 dxe4 4. Nxe4 Bf5 5. Ng3 Bg6 6. h4 h6 7. Nh3 e6 8. Nf4 Bh7 9. Bc4 Nf6 10. c3 Bd6 11. Nfh5 Rg8 12. Bf4 Nd5 13. Bxd6 Qxd6 14. Ne4 Bxe4 15. Qe2 Bg6 16. Ng3 Nf4 17. Qf3 Nd7 18.
h5 Bh7 19. O-O-O Nb6 20. Bb3 Nbd5 21. Rhe1 O-O-O 22. Re5 Nd3+ 23. Rxd3 Bxd3 24. Qxd3 f6 25. Re1 Qf4+ 26. Kb1 Qxf2 27. Rxe6 Rge8 28. Re4 Qg1+ 29. Bd1 Rxe4 30. Nxe4 Ne3 31. Kc1 Qxd1+ 32. Qxd1 Nxd1 33.
Kxd1 b6 34. Kd2 Rd5 35. g4 Kd7 36. Ke3 Ke6 37. Ng3 Rg5 38. Kf4 c5 39. Ne4 Rd5 40.
dxc5 bxc5 41. c4 Rd4 42. Ke3 Rxc4 43. b3 Rc2 44. a4 Ke5 45. Kd3 Rc1 46. Nc3 Rg1 47. Ne4 Rxg4 48. Nxc5 Kd5 49. Nd7 Rg3+ 50. Kc2 f5 51. b4 Kc4 52. b5 Ra3 53. Ne5+ Kd5 54.
Nd3 Rxa4 55. Kb3 Rd4 56. Nb4+ Rxb4+ 57. Kxb4 f4 58. Kc3 Ke4 59. Kd2 Kf5 60. Kd3 Kg4 61. Ke2 Kg3 62. Kf1 Kf3 63. Kg1 Ke2 64. Kg2 f3+ 65. Kg3 f2 0-1

[Event "*** Titled Tuesday 3|2 Blitz"]
[Site "Chess.com"]
[Date "2015.09.01"]
[Round "4"]
[White "BIG_Pirate"]
[Black "Fh2411"]
[Result "0-1"]
[WhiteElo "2201"]
[BlackElo "2209"]
[TimeControl "180+2"]
[EndTime "11:50:17 PDT"]
[Termination "Fh2411 won by checkmate"]

1. Nf3 d5 2. c4 c6 3. d4 Nf6 4.
Nc3 dxc4 5. a4 Bf5 6. Ne5 Nbd7 7.
Nxc4 Qc7 8. g3 e5 9. dxe5 Nxe5 10.
Bf4 Nfd7 11. Bg2 f6 12. O-O Nc5 13. Nxe5 fxe5 14. Be3 Rd8 15. Qe1 Be7 16. b4 Nb3 17.
Ra3 Nd4 18. Bxd4 exd4 19. Ne4 a5 20. Rf3 Bxe4 21. Rf4 Bxg2 22. Kxg2 axb4 23. Qb1 c5 24. Kg1 Rd6 25. Rc1 Rf6 26. Re4 O-O 27. f3 Qd7 28.
Qb3+ Kh8 29. Kg2 Bd6 30. a5 Rh6 31. h4 Qc7 32. Qd5 Qxa5 33. g4 b3 34. g5 Rg6 35.
h5 Qd2 36. hxg6 Qxc1 37. Qxd6 Qxg5+ 38. Rg4 Qd8 39. Qxc5 h6 40. Rxd4 Qf6 41. Rd6 Qf4 42. Rb6 Re8 43. e4 Qd2+ 44. Kg3 b2 45. Qb4 Qg5+ 46. Kf2 Rd8 47. Ke2 Qg2+ 48. Ke3 Qg1+ 49. Ke2 Qd1+ 50. Ke3 Qc1+ 51. Ke2 Qc2+ 52. Ke3 Rd3+ 53.
Kf4 Qc1+ 54. Ke5 Qg5+ 55. Ke6 Qxg6+ 56. Ke7 Qg5+ 57. Ke6 Qf6# 0-1

[Event "*** Titled Tuesday 3|2 Blitz"]
[Site "Chess.com"]
[Date "2015.09.01"]
[Round "4"]
[White "AndrewMcStone"]
[Black "Gabrinsky"]
[Result "0-1"]
[WhiteElo "1936"]
[BlackElo "2058"]
[TimeControl "180+2"]
[EndTime "11:50:21 PDT"]
[Termination "Gabrinsky won by resignation"]

1. d4 e6 2. c4 Nf6 3. Nc3 Bb4 4. f3 d5 5. a3 Be7 6. e4 dxe4 7.
fxe4 e5 8. d5 Bc5 9. Nf3 Bg4 10.
Be2 Bxf3 11. Bxf3 Nbd7 12. Qe2 c6 13. Be3 a5 14. O-O Qb6 15. Bxc5 Nxc5 16. Qf2 O-O 17. Rab1 a4 18. Kh1 Qa5 19. Qg3 Nd3 20. Ne2 Qd2 21.
Rbd1 Qe3 22. h3 Rfe8 23. Bg4 Qxg3 24. Nxg3 Nxb2 25. Rb1 Nxc4 26. Rxb7 Ne3 27. Rc1 cxd5 28. exd5 Nexd5 29. Bf3 e4 30. Be2 Rec8 31. Rd1 Rd8 32. Nf5 g6 33. Nh6+ Kg7 34. Nxf7 Kf8 35. Nxd8 Rxd8 36.
Bc4 e3 37. Re1 Rc8 38. Bxd5 Nxd5 39. Rd7 Rc5 40. Rxd5 Rxd5 41. Rxe3 Rd1+ 42. Kh2 Ra1 43. Kg3 Kf7 44. Kf4 Kf6 45. Ke4 h5 46. Kd4 Kf5 47.
Kc4 h4 48. Kb4 Ra2 49. Kxa4 Rxg2 50. Kb5 Rg3 51. Re8 Rxa3 52. Rf8+ Kg5 53. Kc4 Rxh3 54. Rf1 Re3 55. Kd4 Re8 56. Rg1+ Kh5 57. Kd5 g5 58.
Kd6 g4 59. Kd7 Re2 60. Kd6 h3 0-1

[Event "*** Titled Tuesday 3|2 Blitz"]
[Site "Chess.com"]
[Date "2015.09.01"]
[Round "4"]
[White "PawelCzarnota"]
[Black "stepanosinovsky"]
[Result "0-1"]
[WhiteElo "2416"]
[BlackElo "2291"]
[TimeControl "180+2"]
[EndTime "11:50:22 PDT"]
[Termination "stepanosinovsky won by resignation"]

1. e4 e5 2. Nf3 Nc6 3. Bb5 a6 4. Ba4 Nf6 5. O-O Be7 6. Re1 b5 7. Bb3 O-O 8. a4 b4 9. d4 d6 10. dxe5 Nxe5 11. Nxe5 dxe5 12. Qxd8 Rxd8 13. Bg5 h6 14. Bxf6 Bxf6 15. Bc4 Be6 16. Bd3 Bg5 17. Bf1 Rd6 18. c3 c5 19. a5 Rad8 20. Be2 g6 21. Kf1 Bb3 22. g3 h5 23. h4 Bh6 24. Kg2 Kf8 25. Bf1 Ke7 26. Be2 Bc2 27. Bf1 R8d7 28. Kf3 Kd8 29. Re2 Bd1 30. Kg2 Bxe2 31. Bxe2 Kc7 32. Kf1 Kb7 33. Ke1 Bc1 34. Ra4 Bxb2 35. cxb4 Kc6 36. bxc5 Rd4 37. Rxd4 Bxd4 38. Bxa6 Kxc5 39.
Be2 Kb4 40. a6 Bc3+ 41. Nxc3 Kxc3 42. f3 Kd4 43. Bb5 Rc7 44. Kd2 Kc5 45. Be2 Rc8 46. Ke3 Rb8 47. f4 Rb3+ 48. Kf2 Kd4 49. f5 Ra3 50.
fxg6 fxg6 51. g4 hxg4 52. Bxg4 Kxe4 53. Be2 Kf4 54. Ke1 Ke3 55. Bd1 Ra1 56. Kf1 Rxd1+ 57. Kg2 Ra1 0-1

[Event "*** Titled Tuesday 3|2 Blitz"]
[Site "Chess.com"]
[Date "2015.09.01"]
[Round "4"]
[White "stefanodinn"]
[Black "PowerThinking2650"]
[Result "0-1"]
[WhiteElo "2110"]
[BlackElo "2102"]
[TimeControl "180+2"]
[EndTime "11:50:34 PDT"]
[Termination "PowerThinking2650 won on time"]

1. e4 e5 2. Nf3 Nc6 3. Bc4 Nf6 4.
d3 Be7 5. O-O O-O 6. Bb3 d6 7.
c3 Na5 8. Bc2 c5 9. Re1 Nc6 10.
Nbd2 Re8 11. Nf1 Bf8 12. Ng3 h6 13. h3 d5 14. exd5 Nxd5 15. Bb3 Nf4 16. Bxf4 exf4 17. Rxe8 Qxe8 18. Ne2 g5 19. d4 cxd4 20. Nexd4 Nxd4 21. Nxd4 Bg7 22. Qh5 Bxd4 23. cxd4 Kg7 24. h4 Qe7 25. hxg5 hxg5 26. d5 Qf6 27. Bc2 Bf5 28. Bxf5 Qxf5 29. Qd1 Rd8 30. Qd4+ Qf6 31. Qxa7 Rxd5 32. Qxb7 Rd2 33. a4 Rxb2 34. Qf3 Rxf2 35.
Kxf2 Qd4+ 36. Ke2 Qb2+ 37. Kd3 Qxa1 38. Qe4 Qd1+ 39. Kc3 Qc1+ 40. Kb4 Qb2+ 41. Kc5 Qc3+ 42. Kb5 Qb2+ 43. Kc6 Qf6+ 44. Kc5 g4 45. a5 Qg5+ 46. Kb6 Qg6+ 47. Qxg6+ fxg6 48. a6 f3 49. gxf3 gxf3 50. a7 f2 51. a8=Q f1=Q 52. Qb7+ Qf7 53. Qg2 Qf6+ 54. Kc5 Qe5+ 55. Kc4 g5 56. Kd3 Kg6 57.
Kd2 Kf5 0-1

[Event "*** Titled Tuesday 3|2 Blitz"]
[Site "Chess.com"]
[Date "2015.09.01"]
[Round "4"]
[White "HZMC92"]
[Black "SCIM"]
[Result "1/2-1/2"]
[WhiteElo "2267"]
[BlackElo "2122"]
[TimeControl "180+2"]
[EndTime "11:50:51 PDT"]
[Termination "Game drawn by agreement"]

1. d4 Nf6 2. c4 g6 3. Nc3 d5 4. f3 Bg7 5. e4 dxe4 6. fxe4 c5 7. d5 O-O 8. Nf3 e6 9. Be2 exd5 10.
exd5 Re8 11. O-O Ng4 12. Bf4 Ne3 13. Bxe3 Rxe3 14. Qd2 Re8 15. Rae1 Nd7 16. Bd3 Nf6 17. Ng5 Bd7 18. Qf4 Rxe1 19. Rxe1 h6 20. Nge4 Nxe4 21.
Nxe4 Qe7 22. Re2 Re8 23. Qc7 Bd4+ 24. Kh1 Bf5 25. d6 Qxc7 26. dxc7 Rc8 27. Nd6 Rxc7 28. Nxf5 gxf5 29. Bxf5 Kg7 30. b3 Rc6 31. g4 Kf6 32.
Kg2 Rd6 33. Kf3 Be5 34. h4 Rd4 35. Bc8 Rf4+ 36. Kg2 Bd4 37. Kg3 Rf1 38. Bxb7 Rg1+ 39. Bg2 Be5+ 40. Kf3 Bd4 41. Re8 Ra1 42. Re2 a5 43.
Kf4 Rd1 44. g5+ hxg5+ 45. hxg5+ Kg7 46. Kf5 Rg1 47. Bd5 Rf1+ 48. Kg4 Rg1+ 49. Rg2 Rf1 50. Rg3 Be5 51. Rf3 Rg1+ 52. Kf5 Bb2 53. Ke4 Rxg5 54. Rxf7+ Kg6 55. Rc7 Ba3 56. Ra7 Bb4 57. Bf7+ Kf6 58. Bd5 Rg4+ 59. Kf3 Rg1 60. Rf7+ Ke5 61.
Re7+ Kd4 62. Re2 Kc3 63. Ke4 Rg4+ 64. Ke5 Rd4 65. Kd6 Rd2 66. Rxd2 Kxd2 67. Kc6 Kc3 68. Kb5 Kb2 69. a4 Kxb3 70. Bc6 1/2-1/2

[Event "*** Titled Tuesday 3|2 Blitz"]
[Site "Chess.com"]
[Date "2015.09.01"]
[Round "4"]
[White "ChessTrener"]
[Black "AnthonyWirig"]
[Result "0-1"]
[WhiteElo "2521"]
[BlackElo "2532"]
[TimeControl "180+2"]
[EndTime "11:50:52 PDT"]
[Termination "AnthonyWirig won by checkmate"]

1. e4 e6 2. d4 d5 3. Nc3 Nc6 4. Nf3 Nf6 5. e5 Nd7 6. Ne2 b6 7. Nf4 Bb7 8. c3 h6 9. h4 Qe7 10. b4 a5 11. b5 Na7 12. Be2 c5 13. bxc6 Bxc6 14. a4 Qd8 15. Rh3 Qc7 16. Rg3 O-O-O 17. Rb1 Kb8 18. h5 Ka8 19. Kf1 Bb7 20. Bd2 Rg8 21.
Bd3 Nb8 22. Qb3 Nc8 23. Ne1 Ba6 24. Bxa6 Nxa6 25. Nc2 Be7 26. Nd3 Ka7 27. Ne3 g6 28.
hxg6 Rxg6 29. Rf3 Bg5 30. Be1 Bxe3 31. Rxe3 Rd7 32. Rf3 Rg7 33. Nf4 Rg5 34. Ne2 Qc4 35. Qxc4 dxc4 36. Rh3 h5 37. Bd2 Rg8 38. Rxh5 Nc7 39.
Nf4 Ne7 40. Rh7 Ned5 41. Nh5 Ka6 42. g3 b5 43. axb5+ Nxb5 44. Nf6 Nxf6 45. exf6 Nc7 46. Rg7 Rh8 47. Ke2 Nd5 48. Rg5 a4 49. Ra1 Kb5 50. g4 Ra8 51. Ra3 Kc6 52. Rh5 Rb7 53. g5 Rb3 54. Ra1 a3 55. Kd1 Nxc3+ 56. Kc2 Nd5 57.
Bc1 Rf3 58. Rh7 Rxf2+ 59. Kd1 a2 60. Rxf7 Rh8 61. Bd2 c3 62. Be1 Rb2 63. g6 Ne3+ 64.
Kc1 Rc2# 0-1

[Event "*** Titled Tuesday 3|2 Blitz"]
[Site "Chess.com"]
[Date "2015.09.01"]
[Round "4"]
[White "jcibarra"]
[Black "Mornar1951"]
[Result "1/2-1/2"]
[WhiteElo "2550"]
[BlackElo "2489"]
[TimeControl "180+2"]
[EndTime "11:51:04 PDT"]
[Termination "Game drawn by repetition"]

1. e4 e5 2. Nf3 Nf6 3. Nc3 Nc6 4. d4 exd4 5. Nxd4 Bb4 6. Nxc6 bxc6 7. Bd3 O-O 8. O-O d5 9. exd5 cxd5 10. h3 c6 11. Qf3 Re8 12. Bf4 Bd6 13. Bxd6 Qxd6 14. Qg3 Qxg3 15. fxg3 Be6 16. g4 h6 17. Na4 Nd7 18. Rad1 Rab8 19. b3 Nb6 20. Nc5 Nd7 21. Nxe6 Rxe6 22.
Bf5 Re7 23. c4 Nf6 24. Rf2 a5 25. Rc2 a4 26. bxa4 Ra7 27. cxd5 cxd5 28. Rd4 g6 29. Bd3 Kf8 30. Bb5 Rb6 31. Rc6 Rxc6 32. Bxc6 Ke7 33. Bb5 Kd6 34. Kf2 Ne4+ 35. Ke3 Nc3 36. Rf4 Ke5 37. g3 Nxb5 38. axb5 Ra3+ 39. Kd2 Rxa2+ 40. Kc3 Ra3+ 41. Kb4 Rxg3 42. Rxf7 Rxh3 43. b6 Rh1 44. b7 Rb1+ 45. Kc5 d4 46. Re7+ Kf4 47.
Rd7 d3 48. Kc6 Kxg4 49. Rxd3 h5 50. Rd4+ Kf3 51. Rd3+ Kf4 52. Rd4+ Kf3 53. Rd3+ Kf4 54. Rd1 Rb2 55. Rf1+ Ke5 56. Rg1 Kf5 57. Rf1+ Kg4 58. Rg1+ Kf5 59. Rf1+ Kg4 60. Rg1+ Kf5 61. Rg2 Rb3 62.
Rf2+ Kg4 63. Rg2+ Kf5 64. Rh2 Kg4 65. Rg2+ Kf5 1/2-1/2

[Event "*** Titled Tuesday 3|2 Blitz"]
[Site "Chess.com"]
[Date "2015.09.01"]
[Round "4"]
[White "ilmago"]
[Black "Haridaskesavan"]
[Result "0-1"]
[WhiteElo "1822"]
[BlackElo "2007"]
[TimeControl "180+2"]
[EndTime "11:51:12 PDT"]
[Termination "Haridaskesavan won on time"]

1. e4 e5 2. Nf3 Nc6 3. Bc4 Nf6 4. d3 Bc5 5. c3 Qe7 6. Be3 Bb6 7. Nbd2 d6 8. Nf1 h6 9. Ng3 Ng4 10. Qd2 Nxe3 11. fxe3 Bd7 12. d4 O-O-O 13. O-O g5 14. a4 a5 15. b4 axb4 16. cxb4 exd4 17. Nxd4 Ne5 18. Be2 Ba7 19. Rfc1 Be6 20. Nb5 Bb8 21. Rc3 Kd7 22. Rac1 Rc8 23. Rc5 Nc6 24. Nf5 Bxf5 25.
Rxf5 Ne5 26. Rf2 Rhf8 27. Nd4 Ba7 28. Nf5 Qe6 29. Bb5+ c6 30. Be2 Kc7 31. b5 c5 32.
Rd1 Rcd8 33. a5 b6 34. a6 Bb8 35. Ra1 Ba7 36. Rff1 Kb8 37. Rfd1 Rd7 38. Qe1 Rfd8 39. Qg3 Ka8 40. Rac1 d5 41. exd5 Rxd5 42. Rxd5 Qxd5 43.
Nxh6 Bb8 44. Bf3 Nxf3+ 45. Qxf3 Qxf3 46. gxf3 Rd2 47. Nxf7 Bxh2+ 48. Kf1 Bg3 49. Nxg5 Rf2+ 50. Kg1 Rb2 51. f4 Rxb5 52. f5 Be5 53. Nf7 Bf6 54. e4 Rb3 55. e5 Bh4 56. e6 Re3 57. Nd6 Ka7 58. Rf1 Bf6 59. Kf2 Re5 0-1

[Event "*** Titled Tuesday 3|2 Blitz"]
[Site "Chess.com"]
[Date "2015.09.01"]
[Round "4"]
[White "nightmaresknight"]
[Black "Kempsy"]
[Result "1-0"]
[WhiteElo "2339"]
[BlackElo "2480"]
[TimeControl "180+2"]
[EndTime "11:51:18 PDT"]
[Termination "nightmaresknight won by resignation"]

1. e4 c5 2. Nf3 d6 3. d4 cxd4 4. Nxd4 Nf6 5. Nc3 a6 6. Bc4 e6 7. Bb3 Be7 8. O-O O-O 9. f4 b5 10.
f5 e5 11. Nf3 Bb7 12. Qd3 Nbd7 13. Be3 Nc5 14. Bxc5 dxc5 15. Bd5 c4 16. Qe2 Bxd5 17. Nxd5 Nxd5 18. exd5 Qxd5 19. Nxe5 Bf6 20. Ng4 Bxb2 21.
Rad1 Qc5+ 22. Kh1 Rfe8 23. Qf3 Rad8 24. Rxd8 Rxd8 25. f6 h5 26. fxg7 Qd5 27. Nf6+ Bxf6 28. Qxf6 Rd6 29. Qc3 Re6 30. Qg3 Qe5 31. Qf2 f6 32. h3 Kxg7 33. Rd1 Rd6 34. Re1 Qg5 35. Re7+ Kh6 36. Re1 Rd2 37. Qf3 h4 38. Qe4 Rf2 39. Rd1 Qf4 40. Qc6 Rf1+ 41. Rxf1 Qxf1+ 42. Kh2 Qf4+ 43. Kg1 Kg5 44. Qxa6 Qc1+ 45. Kh2 Qf4+ 46.
Kg1 Qd4+ 47. Kh2 Qe5+ 48. Kg1 Kf4 49. Qa5 Kg3 50. Qd2 Qc5+ 51. Kh1 Qe5 52. Kg1 c3 53.
Qd3+ Kf4 54. Qf3+ Kg5 55. Qg4+ Kh6 56. Qxh4+ Kg7 57. Qg4+ Kf7 58. Qd7+ Kg8 59. Qc8+ Kg7 60. Qd7+ Kh6 61. Qd3 Qe1+ 62. Kh2 Qd2 63. Qf5 Kg7 64. h4 Qd6+ 65. Kg1 Qd1+ 66. Kh2 Qd6+ 67. Kh3 Qd4 68.
h5 Qe3+ 69. Kh2 Qe1 70. Qg6+ Kf8 71. Qxf6+ Ke8 72. h6 Qe2 73. Qxc3 Qh5+ 74. Qh3 Qe5+ 75. Qg3 Qh5+ 76. Kg1 Qd1+ 77. Kf2 Qxc2+ 78. Kf1 Qc1+ 79. Qe1+ 1-0

[Event "*** Titled Tuesday 3|2 Blitz"]
[Site "Chess.com"]
[Date "2015.09.01"]
[Round "4"]
[White "jkidjr22"]
[Black "rhungaski"]
[Result "1/2-1/2"]
[WhiteElo "2275"]
[BlackElo "2465"]
[TimeControl "180+2"]
[EndTime "11:51:55 PDT"]
[Termination "Game drawn - insufficient material"]

1. b3 d5 2. Bb2 c5 3. e3 Nc6 4. Nf3 e6 5. Bb5 Bd7 6. O-O Nf6 7. d3 Be7 8. Nbd2 O-O 9. Qe2 Rc8 10. a3 a6 11. Bxc6 Bxc6 12. c4 dxc4 13. dxc4 Nd7 14. e4 f6 15. Rfd1 b5 16. Rac1 Qb6 17. Nf1 Rfd8 18.
Rd2 Nf8 19. Rcd1 bxc4 20. bxc4 Ba4 21. Rxd8 Rxd8 22. Rxd8 Qxd8 23. Ne3 Ng6 24. g3 Bc6 25. Nf1 Qd7 26. h4 Qb7 27. Bc3 Bxe4 28. N3d2 Bf5 29. Ne3 Nf8 30. Nxf5 exf5 31. Nf1 Qd7 32. Ne3 Qe6 33.
Qf3 g6 34. Nd5 Bd8 35. Kf1 Nd7 36. Qd3 Qe4 37. Qxe4 fxe4 38. Ke2 Kf7 39. f3 exf3+ 40. Kxf3 f5 41. h5 gxh5 42. Kf4 Kg6 43. Kf3 h4 44. Nf4+ Kf7 45. gxh4 Bxh4 46. Nd5 Bg5 47. Nc7 Nb8 48.
Nd5 Ke6 49. Be1 Kd7 50. Bg3 Nc6 51. Nb6+ Ke6 52. Nd5 Nd4+ 53. Kg2 Kd7 54. Nc7 a5 55. Nd5 Bd2 56. Be5 Ke6 57. Bc7 Kd7 58. Be5 Nc2 59.
a4 Ne3+ 60. Nxe3 Bxe3 61. Kf3 Bd2 62. Bg7 Ke6 63. Bf8 Bb4 64. Kf4 Kf6 65. Bd6 h5 66. Bc7 Kg6 67. Kg3 Be1+ 68. Kf3 h4 69. Bd6 Bb4 70.
Be7 Kh5 71. Kf4 h3 72. Kg3 Kg6 73. Kxh3 Kf7 74. Bg5 Ke6 75. Bf4 Bc3 76. Kg2 Be5 77. Bd2 Bc7 78. Kf3 Ke5 79. Bf4+ Kd4 80. Bxc7 Kxc4 81.
Bxa5 Kb3 82. Bb6 Kxa4 83. Bxc5 Kb5 84. Be3 Kc4 85. Kf4 Kd3 86. Kxf5 1/2-1/2

[Event "*** Titled Tuesday 3|2 Blitz"]
[Site "Chess.com"]
[Date "2015.09.01"]
[Round "4"]
[White "tac49"]
[Black "BakaPG"]
[Result "1-0"]
[WhiteElo "2432"]
[BlackElo "2435"]
[TimeControl "180+2"]
[EndTime "11:52:07 PDT"]
[Termination "tac49 won by resignation"]

1. e4 e6 2. d4 d5 3. Nc3 Nf6 4. e5 Nfd7 5. f4 c5 6. Nf3 Nc6 7. Be3 cxd4 8. Nxd4 Bc5 9. Qd2 a6 10. O-O-O O-O 11. Nb3 Bb4 12. a3 Be7 13. Ne2 b5 14. Ned4 Nxd4 15. Nxd4 Qc7 16. h4 Nc5 17. Kb1 Bd7 18. h5 Rfc8 19. h6 g6 20. g4 Ne4 21.
Qe1 b4 22. axb4 Rab8 23. c3 a5 24. b5 a4 25. Bd3 a3 26. Bxe4 dxe4 27. f5 axb2 28.
fxe6 fxe6 29. Rf1 Ra8 30. Qf2 Rf8 31. Qxb2 Qxe5 32. Rxf8+ Bxf8 33. c4 Ba3 34. Qb3 Bc5 35.
Qb2 Ba3 36. Qc3 Be8 37. Ne2 Qc7 38. Qf6 Qe7 39. Qxe7 Bxe7 40. Nf4 Rc8 41. Rc1 Ba3 42. Rc2 Bd7 43. Ne2 e5 44. Ng3 Bxg4 45. c5 Bd1 46. Rc3 Bb4 47. Rc4 Ba5 48. Kb2 Kf7 49. c6 Ke6 50. b6 Kd5 51. b7 Rb8 52. Rc5+ Kd6 53. Rxa5 Kxc6 54. Ra7 Bf3 55. Kc3 Rxb7 56. Rxb7 Kxb7 57.
Kc4 Kc6 58. Bg5 Kd6 59. Kc3 Kd5 60. Nf1 Be2 61. Ne3+ Ke6 62. Kb4 Bd3 63. Kc5 Be2 64.
Kc6 Bd3 65. Kc7 Bb5 66. Kd8 Ba4 67. Kc7 Bb5 68. Kb6 Ba4 69. Kc5 Bb3 70. Kb4 Ba2 71.
Kc3 Bb1 72. Kd2 Bd3 73. Ke1 Bb5 74. Kf2 Ba6 75. Kg3 Bb5 76. Kh4 Ba6 77. Bd8 Bb5 78.
Kg5 Ba6 79. Bc7 Bb5 80. Ng4 Kd5 81. Nf6+ Kd4 82. Bb6+ Kd3 83. Nxh7 e3 84. Nf6 e2 85.
Ba5 1-0